 Dungeon Crawl Stone Soup version 0.21.1-1-g345015f (webtiles) character file.

66 vatarom the Distorting Demonspawn (level 3, 0/29 HPs)
             Began as a Demonspawn Abyssal Knight on Apr 28, 2018.
             Was a Believer of Lugonu.
             Slain by an adder (3 damage)
             ... on level 2 of the Dungeon.
             The game lasted 00:02:57 (1475 turns).

vatarom the Distorting Demonspawn (DsAK)            Turns: 1475, Time: 00:02:58

Health: 0/29       AC:  3    Str: 11 (13) XL:     3   Next: 96%
Magic:  5/5        EV: 11    Int: 11 (13) God:    Lugonu [**....]
Gold:   128        SH:  0    Dex: 11 (12) Spells: 2/2 levels left

rFire    . . .     SeeInvis .   a - +1 mace
rCold    . . .     Gourm    .   (no shield)
rNeg     . . .     Faith    .   b - +0 leather armour
rPois    .         Spirit   .   (no helmet)
rElec    .         Reflect  .   (no cloak)
rCorr    .         Harm     .   (no gloves)
MR       .....                  (no boots)
Stlth    +.........             (no amulet)
HPRegen  0.09/turn              (no ring)
MPRegen  0.09/turn              (no ring)

@: lethally poisoned (0 -> -4), about to teleport
A: hooves 1, demonic guardian 1
a: Depart the Abyss, Bend Space, Renounce Religion


You were on level 2 of the Dungeon.
You worshipped Lugonu.
Lugonu was pleased with you.
You were not hungry.

You visited 1 branch of the dungeon, and saw 2 of its levels.
You visited the Abyss 1 time.

You collected 128 gold pieces.

Inventory:

Hand Weapons
 a - a +1 mace (weapon)
Armour
 b - a +0 leather armour (worn)
 e - a +0 ring mail
Scrolls
 f - 3 scrolls of enchant weapon {unknown}
 g - 2 scrolls of teleportation
 h - a scroll of enchant armour {unknown}
 i - 2 scrolls of identify {unknown}
 j - a scroll of fear {unknown}
 k - a scroll of random uselessness {unknown}
Comestibles
 c - 6 rations
 d - 5 chunks of flesh


   Skills:
 - Level 3.2 Fighting
 + Level 2.7 Maces & Flails
 - Level 1.7 Armour
 - Level 0.8 Dodging
 * Level 1.1 Unarmed Combat
 + Level 3.7 Invocations


You had 2 spell levels left.
You didn't know any spells.

Dungeon Overview and Level Annotations

Branches:
Dungeon (2/15)

Altars:


Innate Abilities, Weirdness & Mutations

You have large cloven feet.
A weak demonic guardian rushes to your aid.


Message History

Items here: %%% ÷ 3 chunks of flesh; a hobgoblin skeleton; 3 chunks of flesh; a chunk of flesh Unknown command.
An adder is nearby!
You see here a ring mail.
You see here a ring mail.
Items here: %%% ÷ 3 chunks of flesh; a hobgoblin skeleton; 3 chunks of flesh; a chunk of flesh The adder bites you.
* * * LOW HITPOINT WARNING * * *
You are lethally poisoned!
The adder poisons you!
* * * LOW HITPOINT WARNING * * *
You feel sick.
You see here 19 arrows.
You aren't carrying any potions.
As you read the scroll labeled CEPHIMA DIXEID, it crumbles to dust.
You feel strangely unstable.
It was a scroll of teleportation.
The adder bites you.
You die...

##.##### #..#.
#..# ##.#<. #[##
###..#.. #%#
#.......
#.#########.#.####
#.##.....>...)....
#.##...##..##.####
#S####........#
#@# ###...########
#.###...#......#..
#.....###.........
#..#####.......)..
#### #............
##.#..........
#..#..........
#.##..........
#.###.........


You could see an adder.

Vanquished Creatures
  2 adders (D:2)
  A worm (D:2)
  A ball python (D:2)
  6 bats (D:1)
  A giant cockroach (D:1)
  3 goblins (D:1)
  7 hobgoblins
  A frilled lizard (D:1)
  4 kobolds
  5 rats (D:1)
31 creatures vanquished.

Vanquished Creatures (collateral kills)
  Terence (D:2)
1 creature vanquished.

Grand Total: 32 creatures vanquished

Notes
Turn   | Place    | Note
-------+----------+-------------------------------------------
     0 | Abyss:1  | vatarom the Demonspawn Abyssal Knight began the quest for the Orb.
     0 | Abyss:1  | Reached XP level 1. HP: 18/18 MP: 2/2
     8 | D:1      | Escaped the Abyss
   159 | D:1      | Gained mutation: A weak demonic guardian rushes to your aid. [demonic ancestry]
   159 | D:1      | Reached XP level 2. HP: 15/24 MP: 4/4
   731 | D:1      | Reached ** piety under Lugonu
  1016 | D:2      | Gained mutation: You have large cloven feet. [demonic ancestry]
  1016 | D:2      | Reached XP level 3. HP: 27/29 MP: 5/5
  1017 | D:2      | Noticed Terence
  1378 | D:2      | Killed Terence
  1456 | D:2      | Reached skill level 1 in Unarmed Combat
  1475 | D:2      | Slain by an adder

Skill      XL: |  1  2  3 |
---------------+----------+-----
Maces & Flails | 2 |  2.7
Invocations    | 3 |  3.7
Unarmed Combat | 1 |  1.1
Fighting       | |  3.2
Armour         | |  1.7
Dodging        | |  0.8

Action                   || total
-------------------------++-------
Melee: Mace              ||   102
       Kick              ||     4
  Use: Scroll            ||     1
       Potion            ||     1
  Eat: Ration            ||     1
Armor: Leather armour    ||    53
Dodge: Dodged            ||    78
